 Dungeon Crawl Stone Soup version 0.30-a0-187-gd9c2deaf24 (webtiles) character file.

Game seed: 2528578108804139081

81 Sweetruy1997 the Chopper (level 4, -2/35 HPs)
             Began as a Demonspawn Chaos Knight on Oct 4, 2022.
             Was a Plaything of Xom.
             Slain by a kobold brigand
             ... wielding a +0 short sword
              (3 damage)
             ... in a sewer.
             The game lasted 00:07:05 (1736 turns).

Sweetruy1997 the Chopper (Demonspawn Chaos Knight)  Turns: 1736, Time: 00:07:05

Health: -2/35      AC:  5    Str: 12    XL:     4   Next: 20%
Magic:  3/3        EV: 11    Int: 13    God:    Xom [*.....]
Gold:   57         SH:  0    Dex: 21    Spells: 3/3 levels left

rFire   . . .      SeeInvis .    a - +0 hand axe (chaos)
rCold   . . .      Faith    .    (no shield)
rNeg    + . .      Spirit   .    b - +2 leather armour
rPois   .          Reflect  .    (helmet restricted)
rElec   .          Harm     .    (no cloak)
rCorr   .          Rampage  .    (no gloves)
Will    .....                    (no boots)
Stlth   +.........               (no amulet)
HPRegen 0.25/turn                e - ring of positive energy
MPRegen 0.08/turn                o - +6 ring of dexterity

@: very slow
A: antennae 2, hooves 1, ignite blood 1, low MP 1
a: Renounce Religion


You were in a sewer.
You worshipped Xom.
You were a special plaything of Xom.
You visited 1 branch of the dungeon, and saw 3 of its levels.
You also visited: Sewer.

You collected 68 gold pieces.
You spent 11 gold pieces at shops.

Inventory:

Hand Weapons
 a - a +0 hand axe of chaos (weapon)
Missiles
 k - 4 boomerangs (quivered)
Armour
 b - a +2 leather armour (worn)
Jewellery
 e - a ring of positive energy (left hand)
 o - a +6 ring of dexterity (right hand)
 p - a ring of protection from cold
Scrolls
 f - 2 scrolls of fear
Potions
 d - 3 potions of lignification
 g - a potion of cancellation
 j - a potion of mutation
 l - a potion of haste {unknown}
 m - a potion of berserk rage {unknown}
 q - a potion of flight {unknown}
Miscellaneous
 c - a piece from Xom's chessboard (7/15)


   Skills:
 + Level 3.4 Fighting
 + Level 3.6 Axes
 + Level 0.7 Throwing
 - Level 2.0 Armour
 - Level 1.0 Dodging
 - Level 1.0 Stealth
 + Level 0.9 Evocations


You had 3 spell levels left.
You didn't know any spells.
Your spell library was empty.

Dungeon Overview and Level Annotations

Branches:
Dungeon (3/15)              Sewer (1/1)

Altars:
Nemelex Xobeh

Shops:
D:1 ?[

Annotations:
D:3 Sigmund


Innate Abilities, Weirdness & Mutations

You have a pair of antennae on your head.
You have large cloven feet.
Your demonic aura sometimes causes spilled blood to erupt in flames.
Your magical capacity is low. (-10% MP)


Message History

The kobold brigand hits you with a +0 short sword.
You miss the kobold brigand.
The kobold brigand is almost dead.
The kobold brigand hits you with a +0 short sword.
You hit the kobold brigand but do no damage.
Your kick misses the kobold brigand.
The kobold brigand is almost dead.
The kobold brigand hits you with a +0 short sword.
You hit the kobold brigand.
The kobold brigand is almost dead.
The kobold brigand splashes around in the water. x2
Your unstable footing causes you to fumble your attack.
The kobold brigand hits you with a +0 short sword.
Your unstable footing causes you to fumble your attack.
The kobold brigand hits you with a +0 short sword.
There's nothing to close nearby.
There's nothing to close nearby.
You make a move on Xom's chessboard...
The kobold is outlined in light.
The kobold brigand splashes around in the water.
Unknown command.
Your unstable footing causes you to fumble your attack.
The kobold brigand hits you with a +0 short sword!
* * * LOW HITPOINT WARNING * * *
You hit the kobold brigand. You burn the kobold brigand.
The kobold brigand is almost dead.
The kobold brigand hits you but does no damage.
You barely miss the kobold brigand.
The kobold brigand is almost dead.
The kobold brigand hits you with a +0 short sword.
* * * LOW HITPOINT WARNING * * *
It was a potion of cancellation.
You feel magically purged.
Xom thinks this is hilarious!
The kobold brigand hits you with a +0 short sword.
* * * LOW HITPOINT WARNING * * *
It was a potion of mutation.
You feel extremely strange.
You feel less energetic.
The antennae on your head grow some more.
The kobold stops glowing.
The kobold brigand hits you with a +0 short sword.
You die...

### ##### #.##.....
########........
#####.[..#..........
#.∩.#!.K.'..........
#.∩.#.KK§KK§~P~~....
#...#....#.{~~P~....
###+########~~######
#≈~~~~@KKKK~~~~~~~~~
#≈≈~≈≈≈≈≈~≈≈≈≈≈~≈≈≈≈
#≈~~~~~~~~~~~~~~~~~~
#################~~~
~~P ~.


You could see a kobold brigand and 3 kobolds.

Vanquished Creatures
  2 adders
  2 worms
  3 dart slugs (D:1)
  An orc (D:3)
  2 ball pythons
  An endoplasm (D:1)
  6 giant cockroaches
  6 goblins
  4 hobgoblins
  5 quokkas
  5 bats
  2 frilled lizards (D:1)
  2 kobolds (Sewer)
  2 rats
43 creatures vanquished.

Vanquished Creatures (others)
  A plant (Sewer)
1 creature vanquished.

Grand Total: 44 creatures vanquished

Notes
Turn   | Place    | Note
-------+----------+-------------------------------------------
     0 | D:1      | Sweetruy1997 the Demonspawn Chaos Knight began the quest
                  | for the Orb.
     0 | D:1      | Reached XP level 1. HP: 18/18 MP: 1/1
    76 | D:1      | XOM: divination: detect creatures
   114 | D:1      | XOM: potion effect (invisibility)
   121 | D:1      | Gained mutation: Your demonic aura sometimes causes spilled
                  | blood to erupt in flames. [demonic ancestry]
   121 | D:1      | Reached XP level 2. HP: 24/24 MP: 2/2
   163 | D:1      | Found Ucheeheurio's Armour Shop.
   226 | D:1      | Reached skill level 1 in Dodging
   255 | D:1      | Found Yvaguenk's Magic Scroll Boutique.
   272 | D:1      | Bought a scroll of noise for 11 gold pieces
   349 | D:1      | Found a faded altar of an unknown god.
   351 | D:1      | XOM: silly message
   354 | D:1      | XOM: cloud trail
   551 | D:1      | XOM: confusion (+ monsters)
   626 | D:1      | Discovered your monstrous ancestry.
   626 | D:1      | Gained mutation: You have large cloven feet. [demonic
                  | ancestry]
   626 | D:1      | Reached XP level 3. HP: 29/29 MP: 3/3
   834 | D:2      | XOM: swap monsters
  1498 | D:3      | Noticed Sigmund
  1498 | D:3      | XOM: 4-stop teleportation journey
  1584 | D:3      | Found a sparkling altar of Nemelex Xobeh.
  1599 | D:3      | Reached skill level 1 in Stealth
  1599 | D:3      | Gained mutation: You have a pair of small antennae on your
                  | head. [demonic ancestry]
  1599 | D:3      | Reached XP level 4. HP: 24/35 MP: 4/4
  1676 | D:3      | Found a glowing drain.
  1680 | Sewer    | Entered a sewer
  1698 | Sewer    | Noticed a kobold brigand
  1700 | Sewer    | XOM: cast spell 'Disjunction'
  1720 | Sewer    | XOM: scenery: 1 doors close
  1735 | Sewer    | HP: 1/35 [kobold brigand/+0 short sword (2)]
  1736 | Sewer    | Gained mutation: Your magical capacity is low. (-10% MP)
                  | [potion of mutation]
  1736 | Sewer    | Gained mutation: You have a pair of antennae on your head.
                  | [potion of mutation]
  1736 | Sewer    | Slain by a kobold brigand

Illustrated notes

Levels and vault maps discovered:
D:1:      spicycebolla_arrival_risky_transporter, layout_basic, serial_shops,
          shop_statue, shop, hellmonk_ecumenical_altar_slurped_away,
          minmay_ruptured
D:2:      layout_loops_cross
D:3:      layout_loops_ring, nemelex_diamond_rough_becter,
          kennysheep_vampire_church, gup_sewer_entry_spiral, serial_aquarium,
          aquarium_bridge_square [aquarium_subvault_bridge,
          aquarium_subvault_window, aquarium_subvault_balcony,
          aquarium_subvault_bridge], aquarium_bridge_island_small
          [aquarium_subvault_small_open, aquarium_subvault_wall,
          aquarium_subvault_bridge, aquarium_subvault_wall,
          aquarium_subvault_bridge], aquarium_window_3, aquarium_window_2,
          aquarium_window_2, aquarium_window_2, aquarium_view_2a,
          aquarium_view_2e, aquarium_pool_2, minmay_misc_feat_four_crosses,
          skrybe_limestone_x, uniq_sigmund
Sewer:    kennysheep_pipe_town

Skill      XL: |  1  2  3 |
---------------+----------+-----
Dodging        | 1 |  1.0
Axes           | 3 |  3.6
Armour         | 2 |  2.0
Stealth        | 1 |  1.0
Fighting       | |  3.4
Throwing       | |  0.7
Evocations     | |  0.9

Action                   |  1- 3 |  4- 6 || total
-------------------------+-------+-------++-------
Melee: Hand axe          |    76 |    42 ||   118
       Kick              |     2 |     9 ||    11
Throw: Boomerang         |    20 |     1 ||    21
Evoke: Piece from Xom's  |    11 |     2 ||    13
  Use: Scroll            |     4 |       ||     4
       Potion            |       |     2 ||     2
 Stab: Invisible         |     2 |       ||     2
       Paralysed         |     1 |       ||     1
       Sleeping          |       |     1 ||     1
Armor: Leather armour    |    48 |     7 ||    55
Dodge: Dodged            |    60 |    12 ||    72

Table legend: (Time is in decaauts)
 A = Elapsed time spent in this place.
 B = Non-inter-level travel time spent in this place.
 C = Inter-level travel time spent in this place.
 D = Time resting spent in this place.
 E = Time spent auto-exploring this place.
 F = Levels seen in this place.
 G = Mean time per level.
                   A        B        C        D        E       F      G
               +--------+--------+--------+--------+--------+-----+--------+
         Total |   1789 |   1684 |    105 |      0 |   1129 |   4 |  447.2 |
       Dungeon |   1718 |   1613 |    105 |      0 |   1109 |   3 |  572.7 |
         Sewer |     71 |     71 |      0 |      0 |     20 |   1 |   71.0 |
               +--------+--------+--------+--------+--------+-----+--------+

Top non-repeatable levels by time:
     D:1: 832 daAuts
     D:2: 673 daAuts
     D:3: 212 daAuts
   Sewer: 71 daAuts
